AoeStats
← Thyphon06

Black Forest

504722370Analyzed
4v4 RM · 25d ago on Sep 6, 2026· 64m 21s· 8 players
Game mode
Random Map
Map size
Large (8 player)
Population
200
Speed
Normal
Resources
Standard
Victory
Conquest
Starting age
Dark Age
Ending age
Imperial Age
RankedLock teamsTeams togetherTeam positionsShared explorationLock speedFull tech treeHidden civsTurbo modeCheats
Victory
Defeat
🇹🇼 Slavs · Taiwan
1303
+14
🇹🇼 Britons · Taiwan
1267
+16
🇯🇵 Hindustanis · Japan
1251
+16
🇫🇮 Chinese · Finland
1248
+17
🇮🇳 Japanese · India
1322
-18
🇳🇴 Persians · Norway
1312
-18
🇹🇷 Britons · Türkiye
1241
-15
🇸🇪 Britons · Sweden
1180
-12
claretta's skirt
6:14 Loom
11:15 Feudal Age
11:49 Double-Bit Axe
16:33 Fishing Lines
21:34 Castle Age
20:22 Gold Mining
20:23 Stone Mining
22:51 Bow Saw
24:37 Horse Collar
25:29 Heavy Plow
26:08 Gold Shaft Mining
26:39 Wheelbarrow
26:40 Gillnets
29:45 Imperial Age
29:19 Stone Shaft Mining
30:38 Hand Cart
31:39 Chemistry
31:39 Fortified Wall
32:07 Scale Mail Armor
32:40 Shatagni
33:19 Padded Archer Armor
33:25 Scale Barding Armor
36:02 Leather Archer Armor
36:08 Chain Barding Armor
35:11 Light Cavalry
35:53 Husbandry
36:08 Bloodlines
36:55 Hussar
38:59 Ring Archer Armor
39:05 Plate Barding Armor
38:41 Forging
43:25 Iron Casting
51:25 Blast Furnace
51:38 Fletching
51:49 Scale Mail Armor
62:39 Ballistics
61:58 Siege Elephant
tnan
5:41 Loom
12:37 Feudal Age
16:28 Castle Age
15:21 Double-Bit Axe
15:17 Horse Collar
17:46 Bow Saw
17:45 Heavy Plow
26:16 Gold Mining
26:16 Stone Mining
28:18 Bloodlines
28:08 Husbandry
29:17 Husbandry
30:19 Wheelbarrow
29:29 Town Watch
30:40 Gold Shaft Mining
33:10 Imperial Age
31:20 Wheelbarrow
31:36 Forging
31:31 Scale Barding Armor
34:09 Iron Casting
33:54 Chain Barding Armor
34:09 Caravan
34:14 Cavalier
34:27 Elite Boyar
35:11 Detinets
35:31 Conscription
35:47 Hoardings
35:34 Hand Cart
35:20 Town Patrol
37:52 Blast Furnace
37:27 Plate Barding Armor
36:43 Fletching
38:58 Two-Man Saw
38:31 Crop Rotation
39:36 Chemistry
38:41 Siege Engineers
38:59 Ballistics
38:50 Masonry
38:55 Capped Ram
40:20 Coinage
40:46 Bodkin Arrow
40:51 Scale Mail Armor
43:04 Chain Mail Armor
44:11 Banking
46:48 Fortified Wall
54:19 Onager
pasonnosap
engarvi
0:38 Loom
13:42 Feudal Age
14:41 Double-Bit Axe
23:45 Castle Age
23:28 Fishing Lines
25:38 Bow Saw
25:21 Gold Mining
25:23 Stone Mining
26:15 Gillnets
26:07 Horse Collar
30:53 Imperial Age
28:56 Clinker Construction
30:17 Wheelbarrow
29:46 Heavy Plow
29:38 Stone Mining
30:24 Fortified Wall
32:33 Fletching
33:22 Gold Shaft Mining
33:23 Stone Shaft Mining
35:08 Conscription
34:21 Heavy Scorpion
35:47 Hand Cart
36:54 Pikeman
36:57 Elite Fire Lancer
37:19 Pikeman
38:00 Squires
38:02 Scale Mail Armor
39:10 Two-Man Saw
38:13 Halberdier
38:28 Heavy Rocket Cart
41:28 Chain Mail Armor
41:49 Coinage
42:39 Plate Mail Armor
41:36 Capped Ram
42:46 Masonry
42:43 Arson
43:13 Forging
43:03 Siege Ram
44:47 Great Wall
45:38 Rocketry
45:59 Bodkin Arrow
46:41 Iron Casting
50:49 Blast Furnace
54:40 Architecture
55:26 Chemistry
56:45 Ballistics
57:32 Bombard Tower
58:50 Arrowslits
59:02 Murder Holes
XxBuzzXx
1:34 Loom
15:34 Feudal Age
20:15 Castle Age
18:44 Fletching
18:47 Double-Bit Axe
18:40 Man-at-Arms
19:27 Horse Collar
20:53 Bodkin Arrow
25:22 Guard Tower
30:18 Wheelbarrow
32:46 Imperial Age
33:42 Bracer
34:21 Keep
34:07 Ballistics
33:33 Arrowslits
34:00 Masonry
35:40 Chemistry
34:20 Treadmill Crane
34:40 Fishing Lines
35:07 Murder Holes
37:19 Yasama
37:41 Conscription
Globox
2:28 Loom
11:12 Feudal Age
15:13 Castle Age
13:20 Double-Bit Axe
13:46 Horse Collar
17:13 Bow Saw
18:48 Heavy Plow
24:37 Wheelbarrow
29:52 Hand Cart
32:56 Imperial Age
30:13 Town Watch
30:38 Scale Barding Armor
31:46 Forging
31:57 Chain Barding Armor
32:14 Stone Mining
32:17 Gold Mining
32:43 Town Patrol
33:22 Iron Casting
33:52 Gold Shaft Mining
33:14 Elite War Elephant
34:15 Conscription
34:58 Plate Barding Armor
34:30 Husbandry
35:39 Bloodlines
36:31 Blast Furnace
36:17 Gold Shaft Mining
36:20 Stone Shaft Mining
37:22 Fletching
37:57 Ballistics
37:33 Murder Holes
37:50 Masonry
40:42 Bodkin Arrow
48:03 Chemistry
49:54 Citadels
49:19 Cavalier
Thyphon06
1:08 Loom
12:03 Feudal Age
12:37 Double-Bit Axe
13:00 Horse Collar
19:05 Castle Age
21:09 Bow Saw
21:50 Heavy Plow
21:43 Gold Mining
21:45 Stone Mining
25:05 Fletching
28:10 Gold Shaft Mining
28:59 Wheelbarrow
28:30 Padded Archer Armor
33:16 Imperial Age
32:03 Padded Archer Armor
31:59 Bodkin Arrow
32:01 Crossbowman
33:16 Hand Cart
34:34 Warwolf
34:02 Arbalester
36:25 Two-Man Saw
36:43 Ballistics
37:27 Chemistry
36:07 Treadmill Crane
36:50 Leather Archer Armor
41:56 Ring Archer Armor
41:26 Bracer
45:15 Forging
45:12 Murder Holes
45:03 Arrowslits
46:12 Fortified Wall
46:09 Siege Engineers
46:15 Masonry
46:41 Iron Casting
46:06 Scale Mail Armor
47:55 Pikeman
48:35 Squires
48:22 Arson
49:03 Halberdier
50:30 Yeomen
50:32 Conscription
50:36 Chain Mail Armor
51:21 Blast Furnace
52:40 Plate Mail Armor
60:25 Elite Longbowman
Superhoops
Connection lost

Rejoining the realm…

Still unreachable

The connection could not be restored.

Session expired

The server has moved on; the page needs a fresh start.